 Dungeon Crawl Stone Soup version 0.29.1-12-g30fa7ad0bf (webtiles) character file.

Game seed: 166408485259279935

17287 xzight the Fighter (level 12, -3/122 HPs)
             Began as an Ogre Air Elementalist on Dec 26, 2022.
             Was a Priest of Hepliaklqana.
             Killed by their own static electricity (6 damage)
             ... on level 2 of the Lair of Beasts.
             The game lasted 00:37:27 (18507 turns).

xzight the Fighter (Ogre Air Elementalist)         Turns: 18507, Time: 00:37:28

Health: -3/122     AC: 16    Str: 15    XL:     12   Next: 46%
Magic:  19/27      EV:  9    Int: 25    God:    Hepliaklqana [***...]
Gold:   635        SH:  0    Dex:  9    Spells: 16/34 levels left

rFire   . . .      SeeInvis .   u - +4 dagger "Morg" {pain, Will+ Int+5}
rCold   + . .      Faith    .   (no shield)
rNeg    . . .      Spirit   .   O - +1 robe {rC+}
rPois   .          Reflect  .   M - +2 hat
rElec   .          Harm     .   g - +1 cloak {Will+}
rCorr   .          Rampage  .   (gloves unavailable)
Will    +++..                   (boots unavailable)
Stlth   +.........              (no amulet)
HPRegen 0.30/turn               T - +4 ring of protection
MPRegen 0.20/turn               t - +4 ring of protection

@: studying Hexes
A: reduced essence, large, unfitting armour, tough skin 1
a: Renounce Religion, Recall Ancestor, Ancestor Identity, Transference


You were on level 2 of the Lair of Beasts.
You worshipped Hepliaklqana.
Hepliaklqana was most pleased with you.
You visited 3 branches of the dungeon, and saw 15 of its levels.

You collected 635 gold pieces.


Innate Abilities, Weirdness & Mutations

Your life essence is reduced to manifest your ancestor. (-10% HP)
You are too large for most types of armour.
You have tough skin. (AC +1)


   Skills:
 + Level 13.1 Fighting
 - Level 1.7 Dodging
 - Level 1.4 Stealth
 + Level 11.9 Spellcasting
 * Level 7.0 Conjurations
 - Level 4.0 Translocations
 - Level 8.0 Air Magic
 * Level 6.1 Earth Magic


You had 16 spell levels left.
You knew the following spells:

 Your Spells              Type           Power      Damage    Failure   Level
a - Shock                 Conj/Air       100%       1d9       1%          1
b - Static Discharge      Conj/Air       51%        3-10/arc  1%          2
c - Swiftness             Air            53%        N/A       1%          3
d - Airstrike             Air            26%        2d(4-20)  1%          4
e - Blink                 Tloc           68%        N/A       1%          2
f - Iron Shot             Conj/Erth      23%        9d5       38%         6

Your spell library contained the following spells:

 Spells                   Type           Power      Damage    Failure   Level
 Sandblast                Erth           90%        2d19      1%          1
 Passwall                 Tmut/Erth      25%        N/A       1%          2
 Stone Arrow              Conj/Erth      94%        3d12      1%          3
 Lesser Beckoning         Tloc           34%        N/A       2%          3
 Necrotise                Necr           56%        1d6       4%          1
 Summon Small Mammal      Summ           56%        N/A       4%          1
 Call Canine Familiar     Summ           14%        N/A       12%         3
 Summon Guardian Golem    Hex/Summ       14%        N/A       12%         3
 Vampiric Draining        Necr           14%        2d7       12%         3
 Animate Armour           Summ/Erth      60%        N/A       12%         4
 Manifold Assault         Tloc           34%        N/A       22%         5
 Animate Dead             Necr           14%        N/A       38%         4
 Agony                    Necr           14%        N/A       75%         5
 Blade Hands              Tmut           7%         N/A       75%         5
 Haunt                    Necr/Summ      7%         N/A       100%        7
 Infestation              Necr           7%         N/A       100%        8

Inventory:

Hand Weapons
 u - the +4 dagger "Morg" (weapon) {pain, Will+ Int+5}
   (You found it on level 3 of the Dungeon)

   In the hands of one skilled in necromantic magic, it inflicts extra damage on
   living creatures.
   Int:       It affects your intelligence (+5).
   Will:      It increases your willpower.
 L - the +6 trident of Roseis {freeze, *Corrode rElec Str+5 SInv}
   (You found it on level 9 of the Dungeon)

   It freezes those it strikes, dealing additional cold damage.
   It can also slow down cold-blooded creatures.
   Str:       It affects your strength (+5).
   rElec:     It insulates you from electricity.
   SInv:      It lets you see invisible.
   *Corrode:  It may corrode you when you take damage.
Armour
 g - a +1 cloak of willpower (worn)
 M - a +2 hat (worn)
 O - a +1 robe of cold resistance (worn)
Jewellery
 t - a +4 ring of protection (right hand)
 v - a ring of see invisible
 J - an amulet of faith {!P}
 S - a +6 ring of strength
 T - a +4 ring of protection (left hand)
Wands
 a - a wand of paralysis (7)
 d - a wand of light (3)
 o - a wand of roots (18)
 z - a wand of flame (50)
 B - a wand of mindburst (17)
 N - a wand of digging (6)
Scrolls
 e - 5 scrolls of poison
 i - a scroll of silence {unknown}
 k - 4 scrolls of blinking
 m - 2 scrolls of amnesia {unknown}
 q - a scroll of noise {unknown}
 r - 3 scrolls of immolation
 s - a scroll of torment {unknown}
 w - 4 scrolls of teleportation {@r2}
 x - a scroll of identify {@r1}
 y - a scroll of brand weapon {unknown}
 A - 2 scrolls of vulnerability {unknown}
 D - a scroll of enchant armour {unknown}
 E - a scroll of enchant weapon {unknown}
 F - 2 scrolls of fear {unknown}
Potions
 b - 3 potions of magic
 c - 3 potions of ambrosia
 f - a potion of attraction {unknown}
 h - a potion of invisibility {unknown}
 j - 4 potions of flight
 l - 4 potions of heal wounds {@q2}
 n - 5 potions of might
 p - 3 potions of brilliance
 C - a potion of haste {@q3}
 G - 2 potions of curing {unknown}
 H - 3 potions of degeneration
 I - a potion of resistance {unknown}
 K - 2 potions of lignification {unknown}

Dungeon Overview and Level Annotations

Branches:
Dungeon (12/15)            Temple (1/1) D:6            Lair (2/5) D:9
    Orc (0/2) D:10
  Swamp: Lair:2-3    Shoals: Lair:2-3     Snake: Lair:2-3    Spider: Lair:2-3

Altars:
Ashenzari
Cheibriados
Dithmenos
Elyvilon
Fedhas
Gozag
Hepliaklqana
Kikubaaqudgha
Makhleb
Nemelex Xobeh
Okawaru
Qazlal
Ru
Sif Muna
Trog
Uskayaw
Vehumet
Wu Jian
Xom
Yredelemnul
Zin
The Shining One

Annotations:
D:4 1 runed translucent door, Crazy Yiuf
D:5 3 runed translucent doors, Grinder; Prince Ribbit; wormed's ghost, novice DjFE
D:11 exclusion: cyclops
Lair:1 exclusion: oklob plant

....### .....#.
.......##
........##
.........#
.........##
.......YY.##
......R@Y..#
......FYY...#
.............#
...............
.#..#.P#.......
#.#.#.. ......P
# . ... .......
# .... .......


You could see the friendly Eshargamelat the knight, 5 yaks and a cane toad.


Message History

* * * LOW HITPOINT WARNING * * *
Unknown command.
Casting: Static Discharge (safe; 1% risk of failure)
Confirm with . or Enter, or press ? or * to list all spells.
The yak is struck by an arc of lightning!
The yak is heavily wounded.
You are struck by an arc of lightning.
* * * LOW HITPOINT WARNING * * *
The lightning grounds out.
The yak is struck by an arc of lightning.
The yak is heavily wounded.
The yak is struck by an arc of lightning!
The yak is heavily wounded.
You are struck by an arc of lightning.
* * * LOW HITPOINT WARNING * * *
Eshargamelat avoids your attack. The yak gores you but does no damage.
The yak gores you!
* * * LOW HITPOINT WARNING * * *
The yak barely misses you. The yak gores you.
* * * LOW HITPOINT WARNING * * *
The yak misses you. The cane toad stings you!
* * * LOW HITPOINT WARNING * * *
Eshargamelat barely misses the yak.
Unknown command.
Casting: Static Discharge (safe; 1% risk of failure)
Confirm with . or Enter, or press ? or * to list all spells.
The yak is struck by an arc of lightning!
The yak is severely wounded.
You are struck by an arc of lightning.
You die...

Skill      XL: |  1  2  3  4  5  6  7  8  9 10 11 12 |
---------------+-------------------------------------+-----
Conjurations   | 1 2 3 5 7 |  7.0
Spellcasting   | 3 4 5 6 7 9 10 11 | 11.9
Fighting       | 1 2 3 5 7 9 11 12 13 | 13.1
Air Magic      | 3 4 6 7 8 |  8.0
Translocations | 3 4 |  4.0
Earth Magic    | 4 6 |  6.1
Dodging        | |  1.7
Stealth        | |  1.4

Action                   |  1- 3 |  4- 6 |  7- 9 | 10-12 || total
-------------------------+-------+-------+-------+-------++-------
Melee: Spear             |    15 |     5 |       |       ||    20
       Dagger            |       |       |       |     1 ||     1
 Cast: Shock             |    57 |   158 |   185 |   342 ||   742
       Static Discharge  |     2 |    22 |    32 |    81 ||   137
       Airstrike         |       |       |       |    23 ||    23
       Swiftness         |       |       |       |     1 ||     1
Invok: Recall Ancestor   |       |       |       |    11 ||    11
       Ancestor Life: Kn |       |       |       |     1 ||     1
  Use: Scroll            |       |       |       |    10 ||    10
Armor: Robe              |     7 |    45 |    30 |    74 ||   156
Dodge: Dodged            |    12 |    28 |    19 |    67 ||   126

Levels and vault maps discovered:
D:1:      beargit_arrival_greenhouse, layout_loops_ring,
          nicolae_ecumenical_snake_handling, minmay_pentomino_z4
D:2:      layout_loops_ring, serial_undead, serial_undead_d, serial_undead_d,
          serial_undead_e, serial_undead_b, minmay_misc_feat_encased, hex_tiny,
          uniq_natasha, uniq_terence
D:3:      layout_basic, dilly_guarded_unrand_morg
D:4:      layout_loops_corners, lemuel_crystal_altar, okawaru_ov_weapons_minmay,
          nicolae_elevator_lobby_plus, uniq_crazy_yiuf_cottage
D:5:      cheibrodos_two_vegetables, layout_rooms, ebering_ghost_gozag,
          chequers_ossuary_entry_cave, uniq_grinder, uniq_prince_ribbit1
D:6:      layout_basic, grunt_temple_overflow_cloverleaf,
          minmay_temple_entry_arrows, kennysheep_cross_bottleneck
D:7:      layout_basic
D:8:      layout_basic, minmay_misc_feat_roman, uniq_pikel
D:9:      layout_basic, dpeg_lair_monsters
D:10:     layout_small_grid, orc_0_dummy, uniq_urug
D:11:     layout_basic, uniq_fannar
D:12:     layout_roguey, uniq_snorg, uniq_nessos
Temple:   nicolae_temple_bog_church
Lair:1:   layout_cellular_growth, lemuel_old_faithful, grunt_megastairs_3
Lair:2:   gammafunk_boulding_lane, layout_cave_pods, minmay_shoals_entry_hut,
          st_stairs_11

Notes
Turn   | Place    | Note
-------+----------+-------------------------------------------
     0 | D:1      | xzight the Ogre Air Elementalist began the quest for the
                  | Orb.
     0 | D:1      | Reached XP level 1. HP: 16/16 MP: 3/3
    57 | D:1      | Reached skill level 1 in Conjurations
   169 | D:1      | Reached XP level 2. HP: 12/26 MP: 1/5
   174 | D:1      | Reached skill level 3 in Spellcasting
   403 | D:1      | Learned a level 2 spell: Static Discharge
   709 | D:1      | Found a faded altar of an unknown god.
   976 | D:1      | Reached XP level 3. HP: 32/32 MP: 6/8
  1273 | D:2      | Noticed Terence
  1276 | D:2      | Noticed Natasha
  1282 | D:2      | Killed Terence
  1283 | D:2      | Reached skill level 4 in Spellcasting
  1283 | D:2      | Reached skill level 1 in Fighting
  1500 | D:2      | Reached XP level 4. HP: 37/41 MP: 0/10
  1563 | D:2      | Reached skill level 3 in Air Magic
  2363 | D:2      | Killed Natasha
  2364 | D:2      | Reached skill level 2 in Fighting
  2364 | D:2      | Reached XP level 5. HP: 48/49 MP: 0/11
  2763 | D:3      | Identified the +1 ring mail "Ukuidad" {Fly rF- rCorr Int+7}
  3288 | D:3      | Reached skill level 2 in Conjurations
  3444 | D:3      | Noticed a phantom
  3471 | D:3      | Killed a phantom
  3472 | D:3      | Reached skill level 3 in Fighting
  3472 | D:3      | Reached XP level 6. HP: 57/61 MP: 0/13
  3830 | D:3      | Found the +4 dagger "Morg" {pain, Will+ Int+5}
  4004 | D:3      | Learned a level 3 spell: Swiftness
  4710 | D:4      | Found a glowing golden altar of the Shining One.
  4789 | D:4      | Found an iron altar of Okawaru.
  4798 | D:4      | Reached skill level 5 in Spellcasting
  4983 | D:4      | Found a runed translucent door.
  4984 | D:4      | Noticed Crazy Yiuf
  5374 | D:5      | Entered Level 5 of the Dungeon
  5382 | D:4      | Reached skill level 3 in Conjurations
  5382 | D:4      | Reached skill level 4 in Air Magic
  5382 | D:4      | Reached XP level 7. HP: 58/68 MP: 4/14
  5458 | D:5      | Reached skill level 4 in Fighting
  5588 | D:5      | Found a runed translucent gate.
  5657 | D:5      | Found a runed translucent gate.
  5657 | D:5      | Found an opulent altar of Gozag.
  5716 | D:5      | Found a runed translucent gate.
  5720 | D:5      | Noticed wormed's ghost (novice DjFE)
  5738 | D:5      | Noticed Prince Ribbit
  5798 | D:5      | Reached skill level 5 in Fighting
  5945 | D:5      | Reached skill level 6 in Spellcasting
  6075 | D:5      | Noticed Grinder
  6341 | D:6      | Reached XP level 8. HP: 76/81 MP: 8/17
  6614 | D:6      | Reached skill level 5 in Air Magic
  6666 | D:6      | Found a staircase to the Ecumenical Temple.
  6792 | D:6      | Reached skill level 6 in Fighting
  6867 | Temple   | Entered the Ecumenical Temple
  7045 | Temple   | Became a worshipper of Hepliaklqana the Forgotten
  7350 | D:6      | Reached skill level 7 in Spellcasting
  7355 | D:6      | Reached skill level 7 in Fighting
  7737 | D:6      | Found a basalt altar of Yredelemnul.
  7740 | D:6      | Found a glowing silver altar of Zin.
  7743 | D:6      | Found a burning altar of Makhleb.
  7749 | D:6      | Reached skill level 6 in Air Magic
  7749 | D:6      | Reached XP level 9. HP: 83/93 MP: 10/20
  7805 | D:6      | Found a blossoming altar of Fedhas.
  7951 | D:6      | Reached * piety under Hepliaklqana
  8318 | D:7      | Learned a level 4 spell: Airstrike
  8321 | D:7      | Learned a level 2 spell: Blink
  8356 | D:7      | Reached skill level 8 in Fighting
  8375 | D:7      | Reached skill level 1 in Translocations
  8462 | D:7      | Reached skill level 8 in Spellcasting
  8635 | D:7      | Reached skill level 2 in Translocations
  8639 | D:7      | Reached skill level 9 in Fighting
  8958 | D:7      | Reached skill level 3 in Translocations
  9112 | D:7      | Identified the +8 short sword of Ebbusoc {speed, rF+ Str+2
                  | Dex+5}
  9355 | D:8      | Noticed Pikel
  9367 | D:8      | Killed Pikel
  9368 | D:8      | Reached skill level 9 in Spellcasting
  9368 | D:8      | Reached skill level 7 in Air Magic
  9368 | D:8      | Reached XP level 10. HP: 96/96 MP: 16/23
  9749 | D:8      | Reached skill level 10 in Fighting
  9749 | D:8      | Reached skill level 4 in Translocations
 10558 | D:9      | Reached ** piety under Hepliaklqana
 10559 | D:9      | Remembered your ancestor Eshargamelat as a knight
 10591 | D:9      | Noticed a death yak
 10592 | D:9      | Noticed a death yak
 10595 | D:9      | Noticed a death yak
 10604 | D:9      | Killed a death yak
 10612 | D:9      | Noticed a death yak
 10720 | D:9      | Reached skill level 10 in Spellcasting
 10720 | D:9      | Reached skill level 8 in Air Magic
 10808 | D:9      | Found a staircase to the Lair.
 10982 | D:9      | Noticed a death yak
 11047 | D:9      | Reached skill level 11 in Fighting
 11061 | D:9      | Killed a death yak
 11261 | D:8      | Reached XP level 11. HP: 96/109 MP: 15/25
 11430 | D:9      | Learned a level 6 spell: Iron Shot
 11439 | D:9      | Identified the +6 trident of Roseis {freeze, *Corrode rElec
                  | Str+5 SInv}
 11720 | D:9      | Reached skill level 1 in Earth Magic
 12195 | D:10     | Entered Level 10 of the Dungeon
 12711 | D:10     | Found a staircase to the Orcish Mines.
 12762 | D:9      | Reached skill level 2 in Earth Magic
 12880 | D:9      | Reached skill level 12 in Fighting
 13012 | D:10     | Reached skill level 11 in Spellcasting
 13012 | D:10     | Reached skill level 4 in Conjurations
 13318 | D:10     | Reached *** piety under Hepliaklqana
 13380 | D:10     | Noticed Urug
 13393 | D:10     | Killed Urug
 13797 | D:11     | Reached skill level 3 in Earth Magic
 13985 | D:11     | Noticed a cyclops
 14088 | D:11     | Noticed a centaur warrior
 14100 | D:11     | Killed a centaur warrior
 14101 | D:11     | Reached skill level 5 in Conjurations
 14453 | D:11     | Reached skill level 4 in Earth Magic
 14741 | D:11     | Noticed Fannar
 15547 | D:11     | Killed Fannar
 15902 | Lair:1   | Entered Level 1 of the Lair of Beasts
 15933 | Lair:1   | Noticed an oklob plant
 16673 | Lair:1   | Reached XP level 12. HP: 103/119 MP: 21/27
 16677 | Lair:1   | Reached skill level 6 in Conjurations
 16677 | Lair:1   | Reached skill level 5 in Earth Magic
 17228 | Lair:1   | Reached skill level 13 in Fighting
 18014 | Lair:2   | Reached **** piety under Hepliaklqana
 18206 | Lair:1   | Reached skill level 6 in Earth Magic
 18378 | Lair:2   | Noticed a six-headed hydra
 18444 | Lair:1   | Reached skill level 7 in Conjurations
 18506 | Lair:2   | HP: 3/122 [cane toad (11)]
 18507 | Lair:2   | Killed from afar by themself

Vanquished Creatures
  Fannar (D:11)
  A centaur warrior (D:11)
  Urug (D:10)
  Pikel (D:8)
  A black mamba (Lair:1)
  2 elephants
  2 cane toads (Lair:1)
  A komodo dragon (Lair:1)
  3 trolls
  7 blink frogs (Lair:1)
  A shadow (D:11)
  2 wyverns
  A basilisk (D:11)
  19 yaks
  An acid dragon (D:10)
  A water moccasin (Lair:1)
  2 orc warriors (D:8)
  3 ice beasts
  4 wolves (Lair:1)
  2 centaurs
  2 phantoms
  2 kobold brigands (D:9)
  6 bullfrogs
  3 necrophages
  A gnoll sergeant (D:9)
  3 scorpions
  4 wights (D:6)
  2 killer bees (D:9)
  5 howler monkeys (D:7)
  4 hounds
  8 orc priests
  2 jellies (D:6)
  Terence (D:2)
  4 iguanas
  6 orc wizards
  Natasha (D:2)
  A hound zombie (D:2)
  7 gnolls
  8 adders
  3 white imps
  2 ufetubi
  An adder zombie (D:2)
  2 adder skeletons (D:3)
  3 worms
  5 dart slugs
  17 orcs
  10 ball pythons
  2 bats
  2 bat skeletons (D:2)
  5 endoplasms
  3 giant cockroaches
  4 goblins
  7 hobgoblins
  9 jackals
  4 quokkas
  2 ball python skeletons (D:2)
  A ball python zombie (D:3)
  4 frilled lizards
  A giant cockroach zombie (D:3)
  15 kobolds
  A quokka simulacrum (D:3)
  A quokka skeleton (D:2)
  A quokka zombie (D:3)
  6 rats
237 creatures vanquished.

Vanquished Creatures (collateral kills)
  2 death yaks (D:9)
  An elephant (Lair:1)
  A cane toad (Lair:1)
  A troll (D:11)
  A hornet (D:9)
  A blink frog (Lair:1)
  5 yaks
  A water moccasin (Lair:1)
  An acid dragon (D:11)
  An orc warrior (D:9)
  A sky beast (D:7)
  A black bear (D:8)
  3 centaurs (D:11)
  A wolf (Lair:1)
  A lemure (D:8)
  2 bullfrogs
  3 killer bees (D:9)
  A hound (D:7)
  An orc wizard (D:8)
  2 orcs
  2 kobolds (D:9)
33 creatures vanquished.

Vanquished Creatures (others)
  10 knights
  3 ancestors
  5 fungi (Lair:1)
  A plant (Lair:1)
  15 withered plants
34 creatures vanquished.

Grand Total: 304 creatures vanquished

Table legend: (Time is in decaauts)
 A = Elapsed time spent in this place.
 B = Non-inter-level travel time spent in this place.
 C = Inter-level travel time spent in this place.
 D = Time resting spent in this place.
 E = Time spent auto-exploring this place.
 F = Levels seen in this place.
 G = Mean time per level.
                   A        B        C        D        E       F      G
               +--------+--------+--------+--------+--------+-----+--------+
         Total |  18517 |  17907 |    610 |   4385 |  10899 |  15 | 1234.5 |
       Dungeon |  15709 |  15163 |    546 |   3503 |   9402 |  12 | 1309.1 |
        Temple |    199 |    185 |     14 |      0 |    138 |   1 |  199.0 |
          Lair |   2607 |   2558 |     49 |    882 |   1359 |   2 | 1303.5 |
               +--------+--------+--------+--------+--------+-----+--------+

Top non-repeatable levels by time:
  Lair:1: 2360 daAuts
    D:11: 2117 daAuts
     D:8: 1646 daAuts
     D:9: 1523 daAuts
     D:6: 1497 daAuts
     D:2: 1484 daAuts
     D:4: 1404 daAuts
     D:1: 1306 daAuts
    D:10: 1305 daAuts
     D:3: 1254 daAuts
     D:7: 1237 daAuts
     D:5: 929 daAuts
  Lair:2: 247 daAuts
  Temple: 199 daAuts
    D:12: 1 daAuts

Table legend:
 A = Non-vault XP
 B = Vault XP
 C = Vault XP percentage of total XP
 D = Non-vault monster count
 E = Vault monster count
 F = Vault count percentage of total count
                 A         B        C        D         E       F
            +---------+---------+-------+---------+---------+-------
      Total |   19860 |    4837 |  19.6 |     239 |      30 |  11.2
            +---------+---------+-------+---------+---------+-------
        D:1 |      29 |       8 |  21.6 |      15 |       5 |  25.0
        D:2 |      40 |     102 |  71.8 |      12 |       9 |  42.9
        D:3 |      62 |     123 |  66.5 |      23 |       7 |  23.3
        D:4 |     286 |       0 |   0.0 |      22 |       0 |   0.0
        D:5 |     509 |       0 |   0.0 |      11 |       0 |   0.0
        D:6 |    1254 |       0 |   0.0 |      22 |       0 |   0.0
        D:7 |    1997 |       0 |   0.0 |      22 |       0 |   0.0
        D:8 |    1361 |     867 |  38.9 |      27 |       2 |   6.9
        D:9 |    1928 |    2002 |  50.9 |      32 |       4 |  11.1
       D:10 |    1450 |     782 |  35.0 |       9 |       1 |  10.0
       D:11 |    3099 |     857 |  21.7 |      13 |       1 |   7.1
     Lair:1 |    7361 |      96 |   1.3 |      30 |       1 |   3.2
     Lair:2 |     484 |       0 |   0.0 |       1 |       0 |   0.0
            +---------+---------+-------+---------+---------+-------
